 Dungeon Crawl Stone Soup version 0.27-a0-1512-g99fd57bada (webtiles) character file.

Game seed: 10731569581342381714

36033 Lekart the Basher (level 13, -5/107 (111) HPs)
             Began as a Grey Draconian Chaos Knight on July 9, 2021.
             Was a Plaything of Xom.
             Slain by an orc sorcerer (8 damage)
             ... while paralysed by an orc sorcerer
             ... on level 1 of the Orcish Mines.
             The game lasted 00:42:48 (15251 turns).

Lekart the Basher (Grey Draconian Chaos Knight)    Turns: 15251, Time: 00:42:48

HP:   -5/107 (111)  AC:  2    Str: 18    XL:     13   Next: 50%
MP:   25/25         EV:  2    Int: 11    God:    Xom [....*.]
Gold: 772           SH:  0    Dex: 12    Spells: 23/29 levels left

rFire    . . .     SeeInvis +   B - +7 mace of Variability {chain chaos}
rCold    . . .     Faith    .   (shield currently unavailable)
rNeg     . . .     Spirit   .   (armour unavailable)
rPois    .         Reflect  .   (helmet restricted)
rElec    .         Harm     .   y - +2 cloak
rCorr    .         Rampage  .   E - +2 pair of gloves
Will     .....     Rnd*Tele +   e - +2 pair of boots
Stlth    +.........             r - amulet of regeneration
HPRegen  1.27/turn              p - +4 ring of evasion
MPRegen  0.19/turn              l - ring of see invisible

@: paralysed, corroded, unable to read, lightly drained
A: AC +13, amphibious, unfitting armour, cold-blooded, horns 1, stinger 1, dopey
1, sense surroundings 1, teleportitis 1, subdued magic 1, inability to read
while threatened
a: Renounce Religion


You were on level 1 of the Orcish Mines.
You worshipped Xom.
You were a beloved toy of Xom.
You visited 3 branches of the dungeon, and saw 16 of its levels.
You also visited: Ice Cave.

You collected 772 gold pieces.

Inventory:

Hand Weapons
 w - a +5 spectral lajatang
 B - the +7 mace of Variability (weapon) {chain chaos}
   (You found it on level 8 of the Dungeon)

   Each time it hits an enemy it has a different, random effect.
 J - a +2 hand axe of flaming
Missiles
 u - 2 curare-tipped darts
 G - 2 throwing nets (quivered)
Armour
 e - a +2 pair of boots (worn)
 y - a +2 cloak (worn)
 E - a +2 pair of gloves (worn)
 F - a +1 kite shield of cold resistance
Jewellery
 l - a ring of see invisible (right hand)
 p - a +4 ring of evasion (left hand)
 r - an amulet of regeneration (around neck)
 v - a ring of wizardry
 x - a ring of fire
 z - a ring of protection from cold
 C - a +4 ring of slaying
Wands
 g - a wand of iceblast (17)
 i - a wand of digging (7)
 H - a wand of polymorph (5)
 I - a wand of flame (22)
 K - a wand of mindburst (16)
Scrolls
 a - 15 scrolls of identify
 k - 3 scrolls of blinking
 o - 6 scrolls of fog
 q - 2 scrolls of amnesia
 A - a scroll of teleportation
 D - a scroll of enchant armour
 L - a scroll of holy word
Potions
 b - 2 potions of brilliance
 c - 3 potions of invisibility
 d - 6 potions of haste
 f - 4 potions of flight
 h - 5 potions of curing
 m - 2 potions of might
 n - a potion of resistance
 s - a potion of ambrosia
 t - 3 potions of heal wounds
 M - 2 potions of cancellation
Miscellaneous
 j - a lightning rod (3/4)


   Skills:
 + Level 9.2 Fighting
 + Level 6.2 Long Blades
 + Level 1.7(9.0) Axes
 + Level 13.3(14.0) Maces & Flails
 + Level 7.0(11.1) Staves
 + Level 0.1 Throwing
 + Level 7.9 Dodging
 + Level 1.6 Shields
 * Level 8.6 Spellcasting
 - Level 6.7 Hexes
 + Level 0.8 Transmutations
 * Level 10.6 Earth Magic
 + Level 1.9 Evocations


You had 23 spell levels left.
You knew the following spells:

 Your Spells              Type           Power      Damage    Failure   Level
a - Leda's Liquefaction   Hex/Erth       9%         N/A       3%          4
b - Passwall              Tmut/Erth      10%        N/A       1%          2

Your spell library contained the following spells:

 Spells                   Type           Power      Damage    Failure   Level
 Sandblast                Erth           42%        2d11      1%          1
 Lee's Rapid Deconstruct  Erth           10%        3d9*      4%          5
 Portal Projectile        Hex/Tloc       18%        N/A       9%          3
 Summon Guardian Golem    Hex/Summ       9%         N/A       9%          3
 Sting                    Tmut/Pois      16%        1d3       11%         1
 Pain                     Necr           12%        1d4       13%         1
 Summon Small Mammal      Summ           12%        N/A       13%         1
 Poisonous Vapours        Pois/Air       6%         N/A       19%         2
 Call Canine Familiar     Summ           3%         N/A       36%         3
 Borgnjor's Vile Clutch   Necr/Erth      6%         N/A       38%         5
 Olgreb's Toxic Radiance  Pois           3%         N/A       80%         4
 Blade Hands              Tmut           2%         N/A       95%         5
 Alistair's Intoxication  Tmut/Pois      2%         N/A       97%         5
 Irradiate                Conj/Tmut      2%         3d14      97%         5
 Agony                    Necr           3%         N/A       98%         5
 Excruciating Wounds      Necr           1%         N/A       98%         5
 Fireball                 Conj/Fire      1%         3d3       98%         5
 Iskenderun's Battlesphe  Conj           3%         2d6       98%         5
 Conjure Ball Lightning   Conj/Air       1%         3x3d6     100%        6
 Eringya's Noxious Bog    Tmut/Pois      2%         N/A       100%        6
 Dragon Form              Tmut           2%         N/A       100%        7
 Orb of Destruction       Conj           1%         N/A       100%        7


Dungeon Overview and Level Annotations

Branches:
Dungeon (14/15)            Temple (1/1) D:5            Lair (0/6) D:10
    Orc (1/2) D:12          IceCv (visited)
 Vaults: D:13-14

Altars:
Ashenzari
Cheibriados
Dithmenos
Elyvilon
Fedhas
Gozag
Hepliaklqana
Kikubaaqudgha
Makhleb
Nemelex Xobeh
Okawaru
Qazlal
Ru
Sif Muna
Trog
Uskayaw
Vehumet
Wu Jian
Xom
Yredelemnul
Zin
The Shining One
Beogh

Shops:
D:7 (   D:11 *

Annotations:
D:3 exclusion: downstairs
D:7 3 runed translucent doors, BlueGoblin's ghost, novice GnBr
D:13 exclusion: downstairs


Innate Abilities, Weirdness & Mutations

Your dull iron-grey scales are very hard. (AC +13)
You are amphibious.
You cannot fit into any form of body armour.
You are cold-blooded and may be slowed by cold attacks.
You have a pair of small horns on your head.
Your tail ends in a poisonous barb.
You are dopey. (Int -2)
You passively map a small area around you.
You are occasionally teleported next to monsters.
Your spells are a little easier to cast, but a little less powerful.
You sometimes lose the ability to read scrolls when taking damage.


Message History

The orc sorcerer's eyes start to glow.
The orc sorcerer points at you and mumbles some strange words.
You suddenly lose the ability to move!
Your crimson imp hits the ogre.
The ogre dies!
The rust devil hits you.
The rust devil corrodes you! "Hum-dee-hum-dee-hum..."
The deep elf zephyrmancer evaporates and reforms as a glowing shapeshifter!
The orc sorcerer hits you with a +0 dagger.
Your crimson imp blinks!
The deep elf pyromancer hits you with a +0 rapier.
The rust devil hits you. The rust devil corrodes you!
The glowing shapeshifter changes into a two-headed ogre!
The orc sorcerer hits you but does no damage.
The deep elf pyromancer casts a spell.
The deep elf pyromancer blinks!
The rust devil hits you. The rust devil corrodes you!
Your crimson imp closely misses the rust devil.
The orc sorcerer hits you but does no damage.
The deep elf pyromancer hits you with a +0 rapier.
Your iron imp hits the orc sorcerer.
The rust devil hits you. The rust devil corrodes you!
The orc sorcerer becomes larger for a moment.
The orc sorcerer casts a spell at you. The bolt of negative energy hits you!
You feel drained.
Your crimson imp blinks!
The deep elf pyromancer hits you with a +0 rapier.
The rust devil hits you. The rust devil corrodes you!
The orc sorcerer hits you with a +0 dagger.
Your iron imp misses the orc sorcerer.
The deep elf pyromancer gestures at you while chanting.
The bolt of fire hits you!!
You feel threatened and lose the ability to read scrolls!
* * * LOW HITPOINT WARNING * * *
The bolt of fire hits the rust devil.
The rust devil completely resists.
The rust devil hits your iron imp! The rust devil corrodes your iron imp!
The deep elf zephyrmancer hits you with a +0 dagger.
* * * LOW HITPOINT WARNING * * *
The orc sorcerer hits you with a +0 dagger!
You die...
Xom roars with laughter!

^.... *#.## *.#.## ...##
##$..####..#.##
#....##$......
##....#.....$.#
##$#....#....# ##
##............#*..#
##..$##.).e...##....
#....#..o@..........
#.....54e..........
**#.#.....ยง....)...... *
*#..........O...)...... ,
*#..$.)..........#$.#.##
#...$...#............#.#
......#.##...5..>........
#.....#. ##...$.....#e...
* ##...#..
#.......#..#....


You could see a two-headed ogre shaped shifter, a rust devil (summoned, ally
target), a deep elf pyromancer, a deep elf zephyrmancer, an orc sorcerer (ally
target), a friendly iron imp (summoned, corroded) and a friendly crimson imp
(summoned).

Vanquished Creatures
  Josephine (D:12)
  A hydra (D:13)
  Harold (D:8)
  A boulder beetle (D:13)
  A centaur warrior (D:14)
  4 two-headed ogres
  2 tengu warriors
  A bog body (IceCv)
  A deep elf zephyrmancer (Orc:1)
  Pikel (D:7)
  An orb spider (shapeshifter) (D:13)
  A necromancer (IceCv)
  4 cyclopes
  5 ugly things
  A manticore (D:12)
  An unseen horror (D:12)
  A kobold demonologist (D:12)
  2 komodo dragons
  2 anaconda simulacra (IceCv)
  A tengu conjurer (D:13)
  3 ice devils (IceCv)
  An efreet (D:13)
  A red devil (IceCv)
  2 entropy weaver simulacra (IceCv)
  A meliai (shapeshifter) (D:13)
  3 trolls
  A tyrant leech (shapeshifter) (D:4)
  Grinder (D:6)
  16 slime creatures
  A dire elephant simulacrum (IceCv)
  2 shadows
  2 vampires
  2 wyverns
  7 yaks
  A steam dragon (D:8)
  2 basilisks
  5 wraiths
  5 hogs
  5 vampire mosquitoes
  3 harpy simulacra (IceCv)
  2 acid dragons
  Duvessa (D:5)
  2 water moccasins
  8 orc warriors
  2 sky beasts
  4 ice beasts
  3 black bears (D:10)
  4 ogres
  6 centaurs
  12 kobold brigands
  8 bullfrogs
  7 gnoll sergeants
  3 scorpions
  A wyvern zombie (D:6)
  2 cane toad simulacra (D:12)
  Dowan (D:5)
  A water moccasin skeleton (D:4)
  2 elephant simulacra
  6 wights (D:8)
  3 centaur zombies
  A bullfrog zombie (D:5)
  2 jellies
  6 orc priests
  A gnoll shaman (D:3)
  Crazy Yiuf (D:6)
  5 centaur skeletons
  2 bullfrog skeletons
  6 iguanas
  8 orc wizards
  A polar bear simulacrum (D:12)
  2 spriggan simulacra (D:12)
  2 wolf simulacra (D:12)
  A hound zombie (D:5)
  4 howler monkey zombies
  6 adders
  14 gnolls
  A howler monkey skeleton (D:5)
  A shadow imp (D:6)
  6 white imps
  2 ufetubi
  An adder skeleton (D:5)
  A worm (D:5)
  4 dart slugs
  30 orcs
  9 bats
  11 endoplasms
  5 giant cockroaches
  18 goblins
  10 hobgoblins
  7 jackals
  4 quokkas
  4 ball pythons
  2 frilled lizards (D:1)
  29 kobolds
  8 rats
390 creatures vanquished.

Vanquished Creatures (collateral kills)
  An orc knight (D:12)
  2 ice statues (IceCv)
  An ice devil (IceCv)
  2 dire elephant simulacra (IceCv)
  A death yak simulacrum (IceCv)
  An orc warrior (D:12)
  A centaur (D:6)
  An ogre (Orc:1)
  2 kobolds (D:6)
12 creatures vanquished.

Vanquished Creatures (others)
  A kobold demonologist (D:12)
  A black bear (D:7)
  A scorpion (D:7)
  A lava snake (D:7)
  A centaur skeleton (D:7)
  An orc wizard (D:7)
  A gnoll (D:7)
  An orc (D:7)
  20 fungi (D:10)
  30 plants (D:10)
58 creatures vanquished.

Grand Total: 460 creatures vanquished

Notes
Turn   | Place    | Note
-------+----------+-------------------------------------------
     0 | D:1      | Lekart the Draconian Chaos Knight began the quest for the
                  | Orb.
     0 | D:1      | Reached XP level 1. HP: 19/19 MP: 1/1
    76 | D:1      | Reached XP level 2. HP: 20/26 MP: 2/2
   297 | D:1      | Found a faded altar of an unknown god.
   516 | D:1      | XOM: silly message
   553 | D:1      | Reached XP level 3. HP: 30/33 MP: 4/4
   855 | D:2      | Noticed Jessica
   858 | D:2      | Noticed Jessica
   858 | D:2      | Jessica changed into Jessica the orc
   858 | D:2      | XOM: polymorph Jessica -> Jessica the orc
   862 | D:2      | Killed Jessica the orc
   935 | D:2      | Reached skill level 1 in Spellcasting
  1136 | D:2      | XOM: chaos cloud
  1248 | D:2      | XOM is BORED!
  1248 | D:2      | XOM: summons 1 hostile demon
  1539 | D:2      | Reached skill level 1 in Staves
  1662 | D:2      | XOM: summons 4 hostile shadow creatures
  1825 | D:1      | XOM: silly message
  1983 | D:2      | XOM: give mutation
  1983 | D:2      | Gained mutation: Your mind is acute. (Int +2) [Xom's
                  | mischief]
  2045 | D:2      | XOM: summons 1 hostile shadow creature
  2124 | D:2      | Reached XP level 4. HP: 40/40 MP: 5/5
  2161 | D:3      | Noticed Robin
  2165 | D:3      | Noticed Robin
  2165 | D:3      | Robin changed into Robin the quokka
  2165 | D:3      | XOM: polymorph Robin -> Robin the quokka
  2169 | D:3      | Killed Robin the quokka
  2263 | D:3      | Found a hazy altar of Hepliaklqana.
  2265 | D:3      | XOM: potion effect (haste)
  2489 | D:3      | XOM: silly message
  2602 | D:3      | Reached XP level 5. HP: 38/46 MP: 7/7
  2610 | D:3      | XOM: divination: magic mapping
  2823 | D:3      | XOM: silly message
  2890 | D:3      | XOM: divination: detect items
  2921 | D:3      | XOM: silly message
  3019 | D:3      | Found a shadowy altar of Dithmenos.
  3021 | D:3      | XOM: silly message
  3371 | D:3      | XOM: god gift: scroll labelled ZARI OMMAMEHOMP {god gift}
  3438 | D:4      | XOM: silly message
  3467 | D:4      | XOM: cleaving
  3801 | D:3      | XOM: confusion (+ monsters)
  3924 | D:3      | Learned a level 4 spell: Leda's Liquefaction
  3936 | D:3      | XOM: give mutation
  3936 | D:3      | Gained mutation: You are weak. (Str -2) [Xom's mischief]
  3957 | D:4      | Reached XP level 6. HP: 48/52 MP: 9/9
  4248 | D:5      | Entered Level 5 of the Dungeon
  4250 | D:5      | Noticed a sky beast
  4255 | D:5      | XOM: cast spell 'Olgreb's Toxic Radiance'
  4263 | D:5      | Killed a sky beast
  4264 | D:5      | Reached skill level 1 in Earth Magic
  4278 | D:5      | Reached skill level 1 in Hexes
  4422 | D:5      | Found a sparkling altar of Nemelex Xobeh.
  4442 | D:5      | XOM: divination: detect creatures
  4444 | D:5      | Noticed Dowan
  4445 | D:5      | Your scales start taking on a dull iron-grey colour.
  4445 | D:5      | Reached XP level 7. HP: 42/60 MP: 10/10
  4459 | D:5      | Noticed Duvessa
  4474 | D:5      | Killed Duvessa
  4659 | D:5      | Killed Dowan
  5339 | D:5      | XOM: give mutations
  5339 | D:5      | Gained mutation: You expend magic power (3 MP) to
                  | strengthen your wands. [Xom's grace]
  5339 | D:5      | Gained mutation: You passively map a small area around you.
                  | [Xom's grace]
  5409 | D:5      | Found a staircase to the Ecumenical Temple.
  5443 | Temple   | Entered the Ecumenical Temple
  5849 | D:5      | Found a white marble altar of Elyvilon.
  5849 | D:5      | Found a glowing silver altar of Zin.
  5849 | D:5      | Found a glowing golden altar of the Shining One.
  5849 | D:5      | Found a basalt altar of Yredelemnul.
  5858 | D:5      | Found a snail-covered altar of Cheibriados.
  5862 | D:5      | Found a hide-covered altar of Uskayaw.
  6096 | D:5      | XOM: silly message
  6099 | D:4      | XOM: silly message
  6110 | D:5      | Reached skill level 5 in Staves
  6137 | D:4      | Found an ancient bone altar of Kikubaaqudgha.
  6220 | D:4      | XOM: potion effect (haste)
  6235 | D:4      | Reached skill level 5 in Fighting
  6250 | D:4      | Noticed a glowing shapeshifter
  6250 | D:4      | an adder changed into a glowing shapeshifter
  6251 | D:4      | Noticed a spark wasp
  6251 | D:4      | a glowing shapeshifter changed into a spark wasp
  6253 | D:4      | XOM: smoke on damage
  6255 | D:4      | Noticed a tyrant leech
  6255 | D:4      | a spark wasp changed into a tyrant leech
  6259 | D:4      | Killed a tyrant leech
  6260 | D:4      | Reached XP level 8. HP: 43/68 MP: 0/12
  6319 | D:4      | XOM: cloud trail
  6452 | D:4      | XOM: divination: detect items
  6517 | D:4      | XOM: enchant monster (bad)
  6654 | D:4      | Found a radiant altar of Vehumet.
  6686 | D:4      | Found a sacrificial altar of Ru.
  6826 | D:5      | XOM: blink monster(s)
  6829 | D:5      | XOM: cast spell 'Alistair's Intoxication'
  7034 | D:6      | XOM: potion effect (invisibility)
  7077 | D:6      | Found a runed translucent door.
  7078 | D:6      | Noticed Crazy Yiuf
  7150 | D:6      | XOM: enchant monster (bad)
  7335 | D:6      | Reached skill level 5 in Long Blades
  7462 | D:6      | Noticed Grinder
  7465 | D:6      | XOM: noise
  7493 | D:6      | XOM: noise
  7497 | D:6      | XOM: cast spell 'Discord'
  7511 | D:6      | Killed Grinder
  7512 | D:6      | Reached XP level 9. HP: 74/74 MP: 15/15
  7676 | D:6      | Killed Crazy Yiuf
  7742 | D:7      | Reached skill level 5 in Earth Magic
  7792 | D:7      | Reached skill level 5 in Dodging
  7870 | D:7      | Noticed Pikel
  7878 | D:7      | Killed Pikel
  7884 | D:7      | XOM: noise
  7925 | D:7      | XOM: summons 1 hostile demon
  7928 | D:6      | XOM: smoke on damage
  7943 | D:7      | XOM: confuse monster(s)
  8032 | D:7      | XOM: draining
  8043 | D:7      | Found a runed translucent gate.
  8043 | D:7      | Found a runed translucent gate.
  8043 | D:7      | Found a runed translucent gate.
  8044 | D:7      | Noticed BlueGoblin's ghost (novice GnBr)
  8127 | D:7      | Found a shimmering altar of Xom.
  8191 | D:7      | Found Tennum's Weapon Boutique.
  8344 | D:8      | Found the +7 mace of Variability {chain chaos}
  8356 | D:8      | XOM: 3-stop teleportation journey
  8515 | D:8      | XOM: summons 2 hostile shadow creatures
  8519 | D:8      | XOM: enchant monster (bad)
  8527 | D:8      | Reached skill level 5 in Spellcasting
  8527 | D:8      | Reached XP level 10. HP: 53/81 MP: 17/17
  8591 | D:8      | XOM: give mutations
  8591 | D:8      | Lost mutation: Your mind is acute. (Int +2) [Xom's
                  | mischief]
  8591 | D:8      | Gained mutation: You are dopey. (Int -2) [Xom's mischief]
  8594 | D:8      | Noticed Harold
  8602 | D:8      | XOM: divination: detect creatures
  8603 | D:8      | XOM: fog
  8608 | D:8      | Killed Harold
  8609 | D:8      | Reached skill level 1 in Maces & Flails
  8730 | D:8      | XOM: give mutations
  8730 | D:8      | Gained mutation: You are clumsy. (Dex -2) [Xom's mischief]
  8730 | D:8      | Lost mutation: You are clumsy. (Dex -2) [Xom's mischief]
  8730 | D:8      | Lost mutation: You are weak. (Str -2) [Xom's mischief]
  8750 | D:8      | Reached skill level 2 in Maces & Flails
  8810 | D:8      | Identified the +10 broad axe of Glory {holy, rCorr Str+4
                  | Stlth+}
  9037 | D:8      | XOM: give mutations
  9037 | D:8      | Gained mutation: You sometimes lose the ability to read
                  | scrolls when taking damage. [Xom's mischief]
  9037 | D:8      | Lost mutation: You sometimes lose the ability to read
                  | scrolls when taking damage. [Xom's mischief]
  9037 | D:8      | Lost mutation: You expend magic power (3 MP) to strengthen
                  | your wands. [Xom's mischief]
  9037 | D:8      | Gained mutation: You are frail. (-10% HP) [Xom's mischief]
  9269 | D:9      | Reached skill level 3 in Maces & Flails
  9341 | D:9      | XOM: summons 2 friendly demons
  9422 | D:9      | Reached skill level 4 in Maces & Flails
  9511 | D:9      | Noticed a two-headed ogre
  9516 | D:9      | Killed a two-headed ogre
  9517 | D:9      | Reached skill level 5 in Maces & Flails
  9855 | D:9      | XOM: stat loss: -1 Str (16/17)
 10002 | D:10     | Entered Level 10 of the Dungeon
 10079 | D:10     | Noticed a two-headed ogre
 10082 | D:10     | XOM: stat loss: -1 Int (9/10)
 10085 | D:10     | Killed a two-headed ogre
 10086 | D:10     | Reached skill level 6 in Maces & Flails
 10086 | D:10     | Reached skill level 5 in Hexes
 10123 | D:10     | Reached skill level 7 in Maces & Flails
 10152 | D:10     | XOM: divination: detect items
 10153 | D:10     | Found a staircase to the Lair.
 10173 | D:10     | Reached XP level 11. HP: 80/81 MP: 19/19
 10244 | D:10     | Noticed a two-headed ogre
 10250 | D:10     | Killed a two-headed ogre
 10251 | D:10     | Reached skill level 8 in Maces & Flails
 10269 | D:10     | XOM: god gift: +0 quarterstaff of chaos
 10320 | D:10     | Noticed a two-headed ogre
 10326 | D:10     | Killed a two-headed ogre
 10573 | D:10     | XOM: summons 11 friendly demons
 10578 | D:10     | Reached skill level 9 in Maces & Flails
 10797 | D:11     | XOM: 4-stop teleportation journey
 10882 | D:11     | XOM: god gift: 14 arrows
 10893 | D:11     | XOM: enchant monster (good)
 10922 | D:11     | Noticed a cyan ugly thing
 10933 | D:11     | Killed a cyan ugly thing
 11053 | D:11     | XOM: cast spell 'Statue Form'
 11178 | D:11     | Found Jixzatis's Mayhem Merchandise.
 11364 | D:12     | XOM: enchant monster (bad)
 11393 | D:12     | XOM: destruction
 11394 | D:12     | Found a frozen archway.
 11405 | D:12     | XOM: blink monster(s)
 11413 | D:12     | Reached skill level 10 in Maces & Flails
 11428 | D:12     | XOM: cleaving
 11443 | IceCv    | Entered an ice cave
 11486 | IceCv    | XOM: cast spell 'Summon Dragon'
 11495 | IceCv    | XOM: summons 1 hostile shadow creature
 11536 | IceCv    | XOM: 3-stop teleportation journey
 11788 | IceCv    | XOM: polymorph ice devil -> red devil
 11794 | IceCv    | Reached skill level 1 in Evocations
 11817 | IceCv    | Reached XP level 12. HP: 90/90 MP: 22/22
 11887 | IceCv    | Reached skill level 11 in Maces & Flails
 12029 | D:12     | XOM: summons 2 friendly demons
 12038 | D:12     | XOM: fog
 12227 | D:12     | XOM: scenery: 1 doors close
 12239 | D:12     | XOM: summons 4 friendly demons
 12241 | D:12     | XOM: divination: magic mapping
 12249 | D:12     | XOM: confusion
 12252 | D:12     | XOM: enchant monster (bad)
 12318 | D:12     | XOM: silly message
 12348 | D:12     | Learned a level 2 spell: Passwall
 12474 | D:12     | XOM: torment (41/90 hp)
 12546 | D:12     | XOM: scenery: summon butterflies
 12603 | D:12     | XOM: give mutations
 12603 | D:12     | Gained mutation: Your tail ends in a poisonous barb. [Xom's
                  | mischief]
 12603 | D:12     | Gained mutation: Your spells are a little easier to cast,
                  | but a little less powerful. [Xom's mischief]
 12603 | D:12     | Gained mutation: You are occasionally teleported next to
                  | monsters. [Xom's mischief]
 12603 | D:12     | Gained mutation: You sometimes lose the ability to read
                  | scrolls when taking damage. [Xom's mischief]
 12610 | D:12     | Reached skill level 1 in Shields
 12638 | D:12     | XOM: chaos cloud
 12641 | D:12     | Reached skill level 1 in Axes
 12752 | D:12     | Found a staircase to the Orcish Mines.
 12759 | D:12     | XOM: silly message
 12761 | D:12     | XOM: chaos upgrade
 12765 | D:12     | XOM: blink monster(s)
 12775 | D:12     | XOM: swap monsters
 12957 | D:12     | Reached skill level 12 in Maces & Flails
 13036 | D:12     | XOM: give mutations
 13036 | D:12     | Gained mutation: You have a pair of small horns on your
                  | head. [Xom's mischief]
 13036 | D:12     | Lost mutation: You are frail. (-10% HP) [Xom's mischief]
 13178 | D:12     | Noticed Josephine
 13189 | D:12     | Killed Josephine
 13523 | D:13     | Noticed a boulder beetle
 13537 | D:13     | Killed a boulder beetle
 13701 | D:13     | XOM: potion effect (heal wounds)
 13702 | D:13     | Reached XP level 13. HP: 81/108 MP: 23/25
 13815 | D:13     | Reached skill level 10 in Earth Magic
 14395 | D:14     | Noticed Kirke
 14400 | D:14     | XOM: noise
 14405 | D:13     | Reached skill level 13 in Maces & Flails
 14420 | D:13     | XOM: enchant monster (good)
 14424 | D:14     | XOM: smoke on damage
 14429 | D:14     | Kirke changed into Kirke the shapeshifter
 14429 | D:14     | XOM: polymorph Kirke -> Kirke the shapeshifter
 14504 | D:13     | XOM: summons 4 friendly demons
 14592 | D:14     | XOM: noise
 14622 | D:14     | Found an iron altar of Okawaru.
 14650 | D:14     | XOM: 1-stop teleportation journey
 14819 | D:14     | XOM: smoke on damage
 14940 | Orc:1    | Entered Level 1 of the Orcish Mines
 14995 | Orc:1    | XOM: confusion
 15051 | D:12     | XOM: 1-stop teleportation journey
 15231 | Orc:1    | XOM: smoke on damage
 15233 | Orc:1    | XOM: summons 11 friendly demons
 15245 | Orc:1    | Paralysed by an orc sorcerer for 7 turns
 15246 | Orc:1    | XOM: polymorph deep elf zephyrmancer -> glowing
                  | shapeshifter
 15250 | Orc:1    | HP: 2/107 [deep elf zephyrmancer (4)]
 15251 | Orc:1    | Slain by an orc sorcerer

Illustrated notes

Levels and vault maps discovered:
D:1:      roderic_chinese_lattice_arrival, layout_rooms,
          shapermc_ecumenical_altar_starsandcircs, minmay_misc_feat_four_crosses
D:2:      layout_rooms, uniq_jessica
D:3:      wad_river_or_something, layout_loops_ring,
          nicolae_hepliaklqana_hazy_memory, grunt_dithmenos_smoke_and_mirrors,
          uniq_robin
D:4:      layout_basic, mainiacjoe_overflow_two_lobes, kiku_gazebo_pond_becter,
          kennysheep_orc_chapel
D:5:      layout_loops_corners, nemelex_diamond_rough_becter,
          minmay_overflow_temple_hex, temple_statues, mrwooster_statue_mirror,
          uniq_duvessa
D:6:      layout_basic, minmay_fractal_squares_gapless_5, uniq_grinder,
          uniq_crazy_yiuf_cottage
D:7:      layout_rooms, xom_confusion_cloud, gammafunk_ghost_necromancy,
          serial_shops, kennysheep_mini_moat, uniq_pikel
D:8:      layout_basic, chequers_serial_rivers_room_b, dk_noncrumbling_4,
          uniq_harold
D:9:      layout_stronghold
D:10:     layout_irregular_city, due_lair_maze_entry_diamond,
          corexii_checkpoint_a
D:11:     layout_roguey, minmay_shop_mayhem
D:12:     layout_roguey, kennysheep_orc_monster_closet_entryway,
          portal_ice_cave_entry_ice_simulacra, uniq_josephine
D:13:     layout_gridville
D:14:     layout_irregular_city, david_vaults_2, okawaru_gym_becter, uniq_kirke
Temple:   compressed_dpeg_triangle_lava_temple
Orc:1:    layout_caves, elves_outpost_lemuel, uniq_urug

Skill      XL: |  1  2  3  4  5  6  7  8  9 10 11 12 13 |
---------------+----------------------------------------+-----
Spellcasting   | 1 2 3 4 5 6 8 |  8.6
Staves         | 1 2 3 4 5 6 7 |  7.0
Fighting       | 4 5 6 7 8 9 |  9.2
Dodging        | 3 4 5 6 7 |  7.9
Earth Magic    | 1 3 4 6 7 8 9 10 | 10.6
Hexes          | 1 2 3 4 5 6 |  6.7
Long Blades    | 4 5 6 |  6.2
Maces & Flails | 7 10 12 13 | 13.3
Evocations     | 1 |  1.9
Shields        | 1 |  1.6
Axes           | 1 |  1.7
Throwing       | |  0.1
Transmutations | |  0.8

Action                   |  1- 3 |  4- 6 |  7- 9 | 10-12 | 13-15 || total
-------------------------+-------+-------+-------+-------+-------++-------
Melee: Falchion          |    31 |       |   230 |       |       ||   261
       Tailslap          |    11 |    19 |    62 |    71 |    13 ||   176
       Quarterstaff      |    93 |   166 |    35 |       |       ||   294
       Lajatang          |       |       |    77 |    29 |     8 ||   114
       Great mace        |       |       |    16 |   413 |   112 ||   541
       Hand axe          |       |       |       |    66 |       ||    66
       Headbutt          |       |       |       |    21 |    28 ||    49
Throw: Throwing net      |       |       |       |     2 |       ||     2
       Dart              |       |       |       |     1 |       ||     1
 Cast: Leda's Liquefacti |       |       |     1 |     7 |       ||     8
       Passwall          |       |       |       |    11 |     3 ||    14
Evoke: Wand              |       |       |     5 |    11 |     3 ||    19
       Lightning rod     |       |       |       |       |     3 ||     3
  Use: Scroll            |     4 |     7 |     2 |    13 |       ||    26
       Potion            |     1 |       |     1 |     3 |     1 ||     6
 Stab: Paralysed         |       |       |     7 |     1 |       ||     8
       Invisible         |       |       |     2 |       |       ||     2
       Petrifying        |       |       |     1 |       |     1 ||     2
       Sleeping          |       |       |     1 |     1 |       ||     2
       Confused          |       |       |     1 |       |       ||     1
       Petrified         |       |       |       |     3 |     1 ||     4
       Distracted        |       |       |       |     1 |       ||     1
Armor: Skin              |    64 |    86 |   173 |   317 |    88 ||   728
Dodge: Dodged            |   110 |   119 |   422 |   674 |   158 ||  1483
Block: Kite shield       |       |       |       |    55 |       ||    55
       Rpst.: Falchion   |    14 |       |    64 |       |       ||    78

Table legend: (Time is in decaauts)
 A = Elapsed time spent in this place.
 B = Non-inter-level travel time spent in this place.
 C = Inter-level travel time spent in this place.
 D = Time resting spent in this place.
 E = Time spent auto-exploring this place.
 F = Levels seen in this place.
 G = Mean time per level.
                   A        B        C        D        E       F      G
               +--------+--------+--------+--------+--------+-----+--------+
         Total |  15504 |  14738 |    766 |   3068 |   7472 |  17 |  912.0 |
       Dungeon |  14557 |  13804 |    753 |   2878 |   7193 |  14 | 1039.8 |
        Temple |    292 |    281 |     11 |      0 |    279 |   1 |  292.0 |
  Orcish Mines |    100 |     98 |      2 |     51 |      0 |   1 |  100.0 |
      Ice Cave |    553 |    553 |      0 |    139 |      0 |   1 |  553.0 |
               +--------+--------+--------+--------+--------+-----+--------+

Top non-repeatable levels by time:
     D:3: 1751 daAuts
    D:12: 1703 daAuts
     D:5: 1689 daAuts
    D:13: 1265 daAuts
     D:1: 1117 daAuts
     D:2: 1049 daAuts
     D:4: 1001 daAuts
     D:6: 920 daAuts
     D:8: 917 daAuts
     D:9: 770 daAuts
    D:10: 740 daAuts
    D:11: 698 daAuts
     D:7: 604 daAuts
   IceCv: 553 daAuts
    D:14: 327 daAuts
